Match 45637857
Unlisted

Match 45637857
End
Kettenkrad Recon Vehicle
Construct Infanterie Kompanie
Selects Terror Battlegroup
MG 42 Machine Gun Team
Selects Machine Gun Camouflage
MG 42 Machine Gun Team
GrW 34 Mortar Team
GrW 34 Mortar Team
Pioneer Squad
Construct Panzergrenadier Kompanie
Kettenkrad Recon Vehicle
251 Medium Carrier
Support Elements
Nebelwerfer 42 Rocket Launcher Team
Kettenkrad Recon Vehicle
Pak 40 Anti-tank Gun Team
Selects Defend the Fatherland
Nebelwerfer 42 Rocket Launcher Team
Selects Defend the Fatherland
Construct Panzer Kompanie
Stoßtruppen Squad
Stoßtruppen Squad
Pioneer Squad
Pak 40 Anti-tank Gun Team
Forward Retreat Point
Stoßtruppen Squad
Selects King Tiger Heavy Tank
King Tiger Heavy Tank
Kettenkrad Recon Vehicle
Side Skirts
Selects Contempt for the Weak
Repair Bunker
Kettenkrad Recon Vehicle
Repair Bunker
Stoßtruppen Squad
Pioneer Squad
Sgt wiggumZ
Dr Jello
FLOKL
Pinhead Larry
BlackJackKing
来自地狱的猫咪
0
0

Comments sign in to comment!

No comments posted yet!